 Dungeon Crawl Stone Soup version 0.30.1-11-g7821555f0a (webtiles) character file.

Game seed: 2381496129221292911

1712 porpoise the Skirmisher (level 8, 0/60 (66) HPs)
             Began as a Minotaur Hunter on Dec 27, 2023.
             Was a Follower of Hepliaklqana.
             Slain by a wight
             ... wielding a +1 great sword
              (6 damage)
             ... on level 6 of the Dungeon.
             The game lasted 00:14:19 (5539 turns).

porpoise the Skirmisher (Minotaur Hunter)           Turns: 5539, Time: 00:14:21

HP:   0/60 (66)     AC:  7    Str: 16    XL:     8   Next: 74%
MP:   10/10         EV: 14    Int:  6    God:    Hepliaklqana [*.....]
Gold: 297           SH:  0    Dex: 22    Spells: 7/7 levels left

rFire   + . .        a - +0 shortbow
rCold   . . .        (shield currently unavailable)
rNeg    . . .        d - +0 ring mail
rPois   .            (helmet restricted)
rElec   .            m - +0 cloak
rCorr   .            (no gloves)
SInv    .            (no boots)
Will    .....        (no amulet)
Stlth   +            f - +6 ring of dexterity
HPRegen 0.30/turn    g - ring of protection from fire
MPRegen 0.12/turn

%: no passive effects
@: lethally poisoned (0 -> -26), drained
A: reduced essence, horns 2, retaliatory headbutt
a: Renounce Religion, Recall Ancestor, Ancestor Identity


You were on level 6 of the Dungeon.
You worshipped Hepliaklqana.
Hepliaklqana was aware of your devotion.
You visited 1 branch of the dungeon, and saw 6 of its levels.

You collected 297 gold pieces.

Inventory:

Hand Weapons
 a - a +0 shortbow (weapon)
 b - a +4 dagger
 D - a +0 mace of holy wrath
 F - a +1 hand axe of electrocution
Missiles
 c - 5 atropa-tipped darts
 q - 12 poisoned darts
 E - 5 javelins
Armour
 d - a +0 ring mail (worn)
 m - a +0 cloak (worn)
Jewellery
 f - a +6 ring of dexterity (left hand)
 g - a ring of protection from fire (right hand)
 w - a ring of protection from cold
 C - a ring of see invisible
Scrolls
 e - a scroll of silence {unknown}
 h - a scroll of magic mapping
 i - 2 scrolls of immolation
 j - a scroll of brand weapon {unknown}
 k - a scroll of noise
 l - a scroll of fear {unknown}
 n - a scroll of torment {unknown}
 o - a scroll of enchant weapon {unknown}
 p - a scroll of amnesia {unknown}
 t - a scroll of enchant armour {unknown}
 u - 2 scrolls of fog
 v - a scroll of blinking
 x - 2 scrolls of teleportation
Potions
 r - 2 potions of heal wounds
 s - a potion of might
 z - 2 potions of curing
 A - a potion of cancellation
 B - 2 potions of mutation


   Skills:
 + Level 8.0 Fighting
 * Level 10.9 Ranged Weapons
 - Level 4.6 Throwing
 - Level 6.5 Armour
 - Level 5.5 Dodging
 - Level 0.7 Stealth
 - Level 4.4 Invocations


You had 7 spell levels left.
You didn't know any spells.
Your spell library contained the following spells:

 Spells                   Type           Power      Damage    Failure   Level
 Ensorcelled Hibernation  Hex/Ice        0%         N/A       78%         2
 Lesser Beckoning         Tloc           0%         N/A       78%         2
 Passwall                 Tmut/Erth      0%         N/A       78%         2
 Scorch                   Fire           0%         2d5       78%         2
 Dazzling Flash           Conj/Hex       0%         N/A       95%         3
 Gell's Gravitas          Tloc           0%         N/A       95%         3
 Swiftness                Air            0%         N/A       95%         3
 Teleport Other           Tloc           0%         N/A       95%         3
 Volatile Blastmotes      Fire/Tloc      0%         2d10      95%         3
 Flame Wave               Conj/Fire      0%         2d4       100%        4
 Ice Form                 Ice/Tmut       0%         N/A       100%        4
 Iskenderun's Mystic Bla  Conj/Tloc      0%         2d3       100%        4
 Yara's Violent Unravell  Hex/Tmut       0%         3d3       100%        5
 Starburst                Conj/Fire      0%         6d3       100%        6
 Summon Cactus Giant      Summ           0%         N/A       100%        6


Dungeon Overview and Level Annotations

Branches:
Dungeon (6/15)
 Temple: D:4-7

Altars:
Hepliaklqana
Kikubaaqudgha
Okawaru
Qazlal
Sif Muna
Vehumet
Xom

Shops:
D:3 (   D:4 ?


Innate Abilities, Weirdness & Mutations

Your life essence is reduced to manifest your ancestor. (-10% HP)
You have a pair of horns on your head.
You reflexively headbutt those who attack you in melee.


Message History

You shoot an arrow. Nikki avoids your attack.
The arrow hits the wight but does no damage.
The wight is lightly damaged.
The wight completely misses Nikki.
Nikki closely misses the wight.
You shoot an arrow. Nikki avoids your attack.
The arrow closely misses the wight. x2; The wight closely misses Nikki.
Nikki hits the wight.
You shoot an arrow. Nikki avoids your attack.
The arrow hits the wight.
The wight is heavily damaged.
The wight barely misses Nikki.
Nikki hits the wight.
Unknown command.
You shoot an arrow. Nikki avoids your attack.
The arrow barely misses the wight. x2
The wight hits Nikki with a +1 great sword!
Nikki is destroyed!
You shoot an arrow. The arrow closely misses the wight.
The wight hits you with a +1 scimitar of venom!
You feel drained.
You are poisoned.
The wight hits you from afar with a +0 spear.
You feel drained.
The wight hits you with a +1 scimitar of venom!
You feel drained.
You are more poisoned.
You shoot an arrow. The arrow barely misses the wight.
You feel extremely sick.
The wight hits you with a +1 scimitar of venom!
* * * LOW HITPOINT WARNING * * *
You are more poisoned.
The wight barely misses you.
The wight hits you from afar with a +0 spear.
* * * LOW HITPOINT WARNING * * *
You shoot an arrow.
The arrow hits the wight but does no damage.
The wight is heavily damaged.
* * * LOW HITPOINT WARNING * * *
You feel extremely sick. The wight misses you.
The wight hits you with a +1 great sword.
You die...

..# ##.#.#
#.###..#.#
##.#.#.#.#
#........#
##.##...###
..z##.###
###z##รท#
..#####)##.#
#.....z@z)<#
#######.##.#
#..##.#####>#
#..##.......#
#..##.#######
...##.#
##..##.#
#..##.# #.#


You could see 4 wights.

Vanquished Creatures
  A water moccasin (D:5)
  An ice beast (D:5)
  A sky beast (D:5)
  2 ogres (D:5)
  A centaur (D:6)
  2 scorpions
  A wight (D:6)
  A hound (D:5)
  3 orc priests
  3 orc wizards (D:3)
  3 iguanas
  8 adders
  A shadow imp (D:5)
  An ufetubus (D:4)
  4 worms
  5 dart slugs
  13 orcs
  12 endoplasms
  6 giant cockroaches
  10 goblins
  8 hobgoblins
  7 jackals
  6 kobolds
  A quokka (D:3)
  8 ball pythons
  4 bats
  8 rats
121 creatures vanquished.

Vanquished Creatures (collateral kills)
  A black bear (D:6)
  An ice beast (D:5)
  An adder (D:5)
3 creatures vanquished.

Vanquished Creatures (others)
  2 ancestors
2 creatures vanquished.

Grand Total: 126 creatures vanquished

Notes
Turn   | Place    | Note
-------+----------+-------------------------------------------
     0 | D:1      | porpoise the Minotaur Hunter began the quest for the Orb.
     0 | D:1      | Reached XP level 1. HP: 18/18 MP: 0/0
   167 | D:1      | Reached XP level 2. HP: 25/25 MP: 1/1
   659 | D:1      | Reached skill level 5 in Ranged Weapons
   855 | D:1      | Reached XP level 3. HP: 29/31 MP: 2/2
   980 | D:2      | Reached skill level 1 in Armour
  1518 | D:2      | Found a faded altar of an unknown god.
  1722 | D:2      | Reached XP level 4. HP: 38/38 MP: 3/3
  1861 | D:3      | Found a radiant altar of Vehumet.
  1893 | D:3      | Found an ancient bone altar of Kikubaaqudgha.
  1930 | D:3      | HP: 1/38 [something (3)]
  2180 | D:3      | Found a shimmering blue altar of Sif Muna.
  2207 | D:3      | Reached skill level 6 in Ranged Weapons
  2207 | D:3      | Reached XP level 5. HP: 30/46 MP: 4/4
  2682 | D:3      | Found a shimmering altar of Xom.
  2690 | D:3      | Found an iron altar of Okawaru.
  2696 | D:3      | Got the Compendium of Changing
  2764 | D:3      | Found Dudil's Antique Weapon Shop.
  2897 | D:3      | Reached XP level 6. HP: 15/53 MP: 5/5
  3343 | D:4      | Found a hazy altar of Hepliaklqana.
  3361 | D:4      | Became a worshipper of Hepliaklqana the Forgotten
  3405 | D:4      | Reached skill level 10 in Ranged Weapons
  3405 | D:4      | Reached skill level 5 in Dodging
  3405 | D:4      | Reached XP level 7. HP: 66/66 MP: 5/9
  3888 | D:4      | Found Efekiom's Magic Scroll Shoppe.
  4339 | D:5      | Entered Level 5 of the Dungeon
  4701 | D:5      | Reached * piety under Hepliaklqana
  4724 | D:5      | Reached XP level 8. HP: 65/65 MP: 10/10
  4863 | D:5      | Found a stormy altar of Qazlal.
  5539 | D:6      | Slain by a wight

Illustrated notes

Levels and vault maps discovered:
D:1:      psy_arrival_whirlpool, layout_basic
D:2:      layout_rooms, dilly_ecumenical_altar_fadedgnrine, serial_glass,
          glass_columns_a, glass_columns_a, glass_columns_c, glass_columns_a,
          glass_columns_a, glass_columns_b
D:3:      layout_rooms, palyth_temple_overflow_mages, jmf_multi_god_temple,
          serial_shops, nicolae_shop_pleasant_corner_grove, minivault_5,
          kennysheep_decorative_pillar
D:4:      layout_loops_ring, old_standard_altar, serial_rivers,
          chequers_serial_rivers_large_a, chequers_serial_rivers_micro_a,
          chequers_serial_rivers_room_b, chequers_serial_rivers_marsh,
          chequers_serial_rivers_small_a, chequers_serial_rivers_room_a,
          serial_shops, nicolae_take_the_stairs, grunt_decor_resistance,
          st_stairs_2, minmay_misc_feat_chi, hangedman_decor_growths
D:5:      layout_loops_ring, nicolae_overflow_hidden_temple,
          nicolae_qazlal_beasts_of_the_sky, minmay_between
D:6:      layout_loops_ring

Skill      XL: |  1  2  3  4  5  6  7  8 |
---------------+-------------------------+-----
Fighting       | 3 4 7 8 |  8.0
Ranged Weapons | 5 6 10 | 10.9
Armour         | 1 2 3 6 |  6.5
Throwing       | 4 |  4.6
Dodging        | 5 |  5.5
Invocations    | 4 |  4.4
Stealth        | |  0.7

Action                     |  1- 3 |  4- 6 |  7- 9 || total
---------------------------+-------+-------+-------++-------
  Melee: Shortbow          |       |     5 |       ||     5
         Unarmed           |       |     3 |       ||     3
         Dagger            |       |     4 |       ||     4
   Fire: Shortbow          |   112 |   133 |   155 ||   400
 Invoke: Ancestor Identity |       |       |     1 ||     1
    Use: Potion            |       |     6 |       ||     6
         Scroll            |       |     5 |     5 ||    10
 Armour: Ring mail         |    21 |    36 |    19 ||    76
         Skin              |       |     2 |       ||     2
  Dodge: Dodged            |    28 |    33 |    47 ||   108
